 Dungeon Crawl Stone Soup version 0.20.1-1-g8b1a95d (webtiles) character file.

53 manon the Skirmisher (level 3, -1/27 HPs)
             Began as a Demonspawn Chaos Knight on Sept 28, 2017.
             Killed by divine providence
             ... invoked by an orc priest
              (11 damage)
             ... on level 3 of the Dungeon.
             The game lasted 00:04:26 (1877 turns).

manon the Skirmisher (Demonspawn Chaos Knight)      Turns: 1877, Time: 00:04:26

Health: -1/27      AC:  4    Str: 15    XL:     3   Next: 64%
Magic:  3/3        EV:  9    Int: 13    God:    Xom [......]
Gold:   75         SH:  2    Dex:  8    Spells: 2/2 levels left

rFire    . . .     SeeInvis .   a - +0 hand axe (chaos)
rCold    . . .     Gourm    .   p - +0 buckler
rNeg     . . .     Faith    .   j - +0 ring mail
rPois    .         Spirit   .   (no helmet)
rElec    .         Reflect  .   (no cloak)
rCorr    .         Harm     .   (no gloves)
MR       .....                  (no boots)
Stlth    ..........             (no amulet)
Regen    0.1/turn               (no ring)
MPRegen  0.1/turn               (no ring)

@: no status effects
A: icy blue scales 1, clumsy 2, deformed body, frail 1, strong 1
a: Renounce Religion


You were on level 3 of the Dungeon.
You worshipped Xom.
You were a very special plaything of Xom.
You were not hungry.

You visited 1 branch of the dungeon, and saw 3 of its levels.

You collected 75 gold pieces.

Inventory:

Hand Weapons
 a - a +0 hand axe of chaos (weapon)
Missiles
 f - 89 arrows
 g - 6 poisoned needles
 k - 33 bolts
Armour
 b - a +2 leather armour
 j - a +0 ring mail (worn)
 p - a +0 buckler (worn)
Scrolls
 d - 5 scrolls of teleportation {unknown}
 e - 2 scrolls of enchant armour {unknown}
 h - a scroll of blinking {unknown}
 i - a scroll of identify {unknown}
 m - 3 scrolls of remove curse {unknown}
Potions
 o - 2 potions of lignification
Comestibles
 c - 2 bread rations
 l - 2 meat rations
 n - 3 fruits


   Skills:
 + Level 3.8 Fighting
 * Level 3.6 Axes
 - Level 1.7 Armour
 - Level 0.8 Dodging


You had 2 spell levels left.
You didn't know any spells.

Dungeon Overview and Level Annotations

Branches:
Dungeon (3/15)

Altars:


Innate Abilities, Weirdness & Mutations

You are partially covered in icy blue scales. (AC +2)
You are very clumsy. (Dex -4)
Armour fits poorly on your strangely shaped body.
You are frail. (-10% HP)
Your muscles are strong. (Str +2)


Message History

The orc is moderately wounded.
The orc hits you but does no damage.
Your shield prevents you from hitting the orc.
The orc is heavily wounded.
The orc priest calls upon Beogh to heal the orc.
The orc's wounds heal themselves!
The orc hits you with a club.
You hit the orc. You freeze the orc.
The orc is severely wounded.
The orc priest mumbles some strange prayers to Beogh against you.
Beogh smites you!
Ouch! That really hurt!
A shower of butterflies erupts from you!
You block the orc's attack.
You barely miss the orc.
The orc is almost dead.
You kill the orc!
The orc priest calls down the wrath of Beogh upon you.
Beogh smites you!
You die...
Xom bursts into laughter!

P........###..#......
...####...##.........
..## ##............. P.
####........ .
..###.....#....# ##
P...>.##### .... .# #
P...#### #.## .#.###.
..#....######b###.....%.
. ##........$.b.@o......
#..###.####.#####.....
....## #.# #)# .). .###
#.. ... . ..####.## #..
#.# ### #.# ... #.#


You could see an orc priest.

Vanquished Creatures
  An ooze (D:1)
  2 leopard geckos
  5 orcs (D:3)
  3 bats
  4 giant cockroaches
  6 goblins
  3 hobgoblins
  6 frilled lizards
  4 kobolds (D:1)
  9 rats
43 creatures vanquished.

Notes
Turn   | Place    | Note
-------+----------+-------------------------------------------
     0 | D:1      | manon the Demonspawn Chaos Knight began the quest for the Orb.
     0 | D:1      | Reached XP level 1. HP: 18/18 MP: 1/1
   167 | D:1      | Gained mutation: You are partially covered in icy blue scales. (AC +2) [demonic ancestry]
   167 | D:1      | Reached XP level 2. HP: 22/24 MP: 2/2
   542 | D:1      | XOM: cloud trail
   752 | D:2      | XOM: mild Tmut miscast
   777 | D:2      | Reached XP level 3. HP: 29/29 MP: 3/3
   816 | D:2      | XOM: give mutation
   816 | D:2      | Gained mutation: Armour fits poorly on your strangely shaped body. [Xom's mischief]
   832 | D:2      | XOM: summons 1 hostile demon
  1051 | D:2      | XOM: give mutations
  1051 | D:2      | Gained mutation: Your muscles are strong. (Str +2) [Xom's mischief]
  1051 | D:2      | Gained mutation: You are clumsy. (Dex -2) [Xom's mischief]
  1051 | D:2      | Gained mutation: You are frail. (-10% HP) [Xom's mischief]
  1051 | D:2      | Gained mutation: You are very clumsy. (Dex -4) [Xom's mischief]
  1847 | D:3      | XOM: harmless Tmut miscast
  1875 | D:3      | XOM: butterfly on damage
  1877 | D:3      | Killed from afar by an orc priest

Skill      XL: |  1  2 |
---------------+-------+-----
Axes           | 3 |  3.6
Fighting       | |  3.8
Armour         | |  1.7
Dodging        | |  0.8

Action                   || total
-------------------------++-------
Melee: Hand axe          ||   137
  Use: Potion            ||     2
 Stab: Paralysed         ||     1
       Sleeping          ||     1
       Invisible         ||     2
  Eat: Chunk             ||     3
Armor: Leather armour    ||     6
       Ring mail         ||    35
       Skin              ||    11
Dodge: Dodged            ||    63
Block: Buckler           ||     1
